 Dungeon Crawl Stone Soup version 0.31-a0-200-gbc41564c69 (webtiles) character file.

Game seed: 14367597707320443278

204 qw the Skirmisher (level 5, -4/29 HPs)
             Began as a Deep Elf Hunter on June 25, 2023.
             Slain by an orc wizard
             ... wielding a +0 dagger of distortion
              (8 damage)
             ... on level 3 of the Dungeon.
             The game lasted 00:00:45 (1322 turns).

qw the Skirmisher (Deep Elf Hunter)                 Turns: 1322, Time: 00:00:45

Health: -4/29      AC:  6    Str: 10    XL:     5   Next: 52%
Magic:  7/7        EV: 11    Int: 14    God:
Gold:   192        SH:  0    Dex: 18    Spells: 4/4 levels left

rFire   . . .        Y - +0 shortbow
rCold   . . .        (shield currently unavailable)
rNeg    . . .        a - +0 ring mail
rPois   .            (no helmet)
rElec   .            h - +0 cloak
rCorr   .            (no gloves)
SInv    .            (no boots)
Will    .....        (no amulet)
Stlth   +            (no ring)
HPRegen 0.24/turn    (no ring)
MPRegen 0.10/turn

%: no passive effects
@: about to teleport
A: no striking features
a: no special abilities


You were on level 3 of the Dungeon.
You visited 1 branch of the dungeon, and saw 3 of its levels.

You collected 192 gold pieces.


   Skills:
 + Level 1.5 Fighting
 - Level 9.1 Ranged Weapons
 - Level 2.4 Dodging
 - Level 1.2 Stealth


You had 4 spell levels left.
You didn't know any spells.
Your spell library was empty.

Inventory:

Hand Weapons
 Y - a +0 shortbow (weapon)
Armour
 a - a +0 ring mail (worn)
 h - a +0 cloak (worn)
Scrolls
 d - a scroll of teleportation
Potions
 b - a potion of ambrosia {unknown}
 e - a potion of haste {unknown}
 i - a potion of lignification {unknown}
 l - a potion of brilliance {unknown}

Dungeon Overview and Level Annotations

Branches:
Dungeon (3/15)

Altars:
Kikubaaqudgha
Sif Muna
Vehumet


Message History

The puff of flame hits you.
You hear some strange, mumbled words.
Your Ranged Weapons skill increases to level 9!
Autopickup is now on.
1316 ||| Stepping ~*~*~tactically~*~*~ (cloud).
You hear some strange, mumbled words.
Deactivating autopickup; reactivate with Ctrl-A.
Something tries to affect you, but you resist.
You hear some strange, mumbled words.
You are confused.
You hear a shout!
There is a fountain of clear blue water here.
Enter note: You shoot an arrow.
Something hits you.
Autopickup is now on.
You are engulfed in a cloud of scalding steam.
Something hits you but does no damage.
Deactivating autopickup; reactivate with Ctrl-A.
You hear some strange, mumbled words.
Something tries to affect you, but you resist.
You shoot an arrow. Something hits you but does no damage.
You shoot an arrow.
You hear some strange, mumbled words.
A magic dart appears from out of thin air!
The magic dart hits you. Something hits you but does no damage.
You shoot an arrow.
You feel less confused.
An orc wizard appears from thin air!
Reactivating autopickup.
Something hits you but does no damage.
Deactivating autopickup; reactivate with Ctrl-A.
The orc wizard barely misses you.
1322 ||| READING 2 scrolls of teleportation.
As you read the scroll of teleportation, it crumbles to dust.
You feel strangely unstable. Something completely misses you.
Something hits you but does no damage. Space warps horribly around you!
You die...

#.# ##...## ####.###
##.....# .......#
##:....#######
##.....###.....##..#..#
#.......'....##...'._#
#.....###...##....#..#
#......# ##..#.....####
#.###.## ##.#.}o}.#..#
#. #.# #....@{.)._# ..
..# ###.}.}.#..# ###
#.....#### ##....#..#
##...)._# ##..#..#
#######


You could see an orc wizard.

Vanquished Creatures
  2 orc priests (D:2)
  2 orc wizards (D:3)
  2 adders (D:2)
  3 dart slugs
  2 orcs (D:1)
  2 bats
  4 endoplasms
  13 giant cockroaches
  4 goblins (D:1)
  5 hobgoblins (D:1)
  3 kobolds
  2 quokkas
  4 ball pythons
  A frilled lizard (D:1)
  3 rats
52 creatures vanquished.

Vanquished Creatures (others)
  An orc wizard (D:3)
1 creature vanquished.

Grand Total: 53 creatures vanquished

Notes
Turn   | Place    | Note
-------+----------+-------------------------------------------
     0 | D:1      | qw the Deep Elf Hunter began the quest for the Orb.
     0 | D:1      | Reached XP level 1. HP: 12/12 MP: 3/3
     0 | D:1      | 0 ||| qw: Version: 0.3-a-22-g0ed2b0b
     0 | D:1      | 0 ||| qw: Game counter: 5603
     0 | D:1      | 0 ||| qw: Melee chars always use a shield: true
     0 | D:1      | 0 ||| qw: God list: Okawaru
     0 | D:1      | 0 ||| qw: Allow faded altars: false
     0 | D:1      | 0 ||| qw: Do Orc after clearing Dungeon:15 true
     0 | D:1      | 0 ||| qw: Do second Lair branch before Depths: true
     0 | D:1      | 0 ||| qw: Lair rune preference: random
     0 | D:1      | 0 ||| qw: Goals: Normal
     0 | D:1      | 0 ||| PLANNING D:1-11
    29 | D:1      | Reached XP level 2. HP: 16/16 MP: 4/4
    53 | D:1      | Reached skill level 6 in Ranged Weapons
   145 | D:1      | Found a faded altar of an unknown god.
   395 | D:1      | Reached XP level 3. HP: 20/20 MP: 5/5
   548 | D:1      | 548 ||| UPGRADING to +0 scale mail.
   558 | D:1      | 558 ||| DROPPING +0 leather armour.
   559 | D:1      | 559 ||| READING 2 scrolls labelled CAEWNE EQY.
   560 | D:1      | 560 ||| READING scroll labelled NADWANN XADOTO.
   561 | D:1      | 561 ||| READING scroll labelled DEUHEESTAN.
   562 | D:1      | 562 ||| DROPPING scroll of noise.
   563 | D:1      | 563 ||| DROPPING scroll of butterflies.
   578 | D:2      | Reached skill level 7 in Ranged Weapons
   579 | D:2      | 579 ||| STAIRDANCE
   620 | D:2      | 620 ||| STAIRDANCE
   644 | D:2      | Reached XP level 4. HP: 25/25 MP: 6/6
   773 | D:2      | Reached skill level 8 in Ranged Weapons
   975 | D:2      | 975 ||| UPGRADING to +0 ring mail.
   985 | D:2      | 985 ||| DROPPING +0 scale mail.
   986 | D:2      | 986 ||| UPGRADING to +0 cloak.
   991 | D:2      | 991 ||| READING scroll labelled UTHUKI AKONWY.
   992 | D:2      | 992 ||| READING 2 scrolls labelled PEACUF JINESH.
   997 | D:2      | 997 ||| READING scroll labelled PYITIU DAENAR.
   998 | D:2      | 998 ||| READING scroll labelled MEMIXZ ZUAL.
   999 | D:2      | 999 ||| READING scroll labelled XEYTONUNIS.
  1250 | D:3      | Found a shimmering blue altar of Sif Muna.
  1264 | D:3      | Reached XP level 5. HP: 29/29 MP: 7/7
  1269 | D:3      | Found an ancient bone altar of Kikubaaqudgha.
  1304 | D:3      | Found a radiant altar of Vehumet.
  1316 | D:3      | Reached skill level 9 in Ranged Weapons
  1316 | D:3      | 1316 ||| Stepping ~*~*~tactically~*~*~ (cloud).
  1320 | D:3      | HP: 3/29 [something/magic dart (6)]
  1322 | D:3      | 1322 ||| READING 2 scrolls of teleportation.
  1322 | D:3      | Slain by an orc wizard

Levels and vault maps discovered:
D:1:      dpeg_arrival_short_road, layout_basic, basic_ecumenical_altar,
          serial_bayou_lake_a
D:2:      layout_rooms
D:3:      minmay_roachtagon, layout_loops_corners, palyth_temple_overflow_mages,
          serial_shops, shop

Skill      XL: |  1  2  3  4  5 |
---------------+----------------+-----
Ranged Weapons | 6 7 8 9 |  9.1
Fighting       | |  1.5
Dodging        | |  2.4
Stealth        | |  1.2

Action                     |  1- 3 |  4- 6 || total
---------------------------+-------+-------++-------
   Fire: Shortbow          |    74 |   100 ||   174
    Use: Scroll            |     3 |     6 ||     9
 Armour: Leather armour    |     4 |       ||     4
         Scale mail        |     4 |     7 ||    11
         Ring mail         |       |    29 ||    29
  Dodge: Dodged            |    17 |    43 ||    60

Table legend:
 A = Non-vault XP
 B = Vault XP
 C = Vault XP percentage of total XP
 D = Non-vault monster count
 E = Vault monster count
 F = Vault count percentage of total count
                 A         B        C        D         E       F
            +---------+---------+-------+---------+---------+-------
      Total |     171 |     121 |  41.4 |      38 |      15 |  28.3
            +---------+---------+-------+---------+---------+-------
        D:1 |      52 |       0 |   0.0 |      26 |       0 |   0.0
        D:2 |     117 |       0 |   0.0 |      11 |       0 |   0.0
        D:3 |       2 |     121 |  98.4 |       1 |      15 |  93.8
            +---------+---------+-------+---------+---------+-------
